 Dungeon Crawl Stone Soup version 0.28-a0-1199-gef9e1dbd39 (webtiles) character file.

Game seed: 12522700155921882779

74 Zonian the Sneak (level 4, -3/38 HPs)
             Began as a Gnoll Brigand on Dec 20, 2021.
             Killed from afar by Terence (8 damage)
             ... with a puff of flame
             ... on level 2 of the Dungeon.
             The game lasted 00:03:48 (1821 turns).

Zonian the Sneak (Gnoll Brigand)                    Turns: 1821, Time: 00:03:50

Health: -3/38      AC:  3    Str: 10    XL:     4   Next: 30%
Magic:  5/5        EV: 13    Int: 11    God:
Gold:   60         SH:  0    Dex: 15    Spells: 5/5 levels left

rFire   . . .      SeeInvis .   a - +2 dagger
rCold   . . .      Faith    .   (no shield)
rNeg    . . .      Spirit   .   b - +0 robe
rPois   .          Reflect  .   (no helmet)
rElec   .          Harm     .   c - +0 cloak
rCorr   .          Rampage  .   (no gloves)
Will    .....                   (no boots)
Stlth   ++++......              (no amulet)
HPRegen 0.12/turn               (no ring)
MPRegen 0.09/turn               (no ring)

@: no status effects
A: fangs 1, strong nose, distributed training
a: no special abilities


You were on level 2 of the Dungeon.
You visited 1 branch of the dungeon, and saw 2 of its levels.

You collected 90 gold pieces.
You spent 30 gold pieces at shops.

Inventory:

Hand Weapons
 a - a +2 dagger (weapon)
Missiles
 d - 3 poisoned darts (quivered)
 e - 2 curare-tipped darts
Armour
 b - a +0 robe (worn)
 c - a +0 cloak (worn)
Scrolls
 f - a scroll of teleportation
Potions
 g - a potion of curing {unknown}
 h - 2 potions of resistance {unknown}


   Skills:
 + Level 4.6 Fighting
 + Level 4.6 Short Blades
 + Level 1.1 Long Blades
 + Level 1.1 Axes
 + Level 1.1 Maces & Flails
 + Level 1.1 Polearms
 + Level 1.1 Staves
 + Level 1.1 Slings
 + Level 1.1 Bows
 + Level 1.1 Crossbows
 + Level 4.6 Throwing
 + Level 1.1 Armour
 + Level 2.7 Dodging
 + Level 7.8 Stealth
 + Level 1.1 Shields
 + Level 1.1 Unarmed Combat
 + Level 1.1 Spellcasting
 + Level 0.8 Conjurations
 + Level 0.8 Hexes
 + Level 0.8 Summonings
 + Level 0.8 Necromancy
 + Level 0.8 Translocations
 + Level 0.8 Transmutations
 + Level 0.8 Fire Magic
 + Level 0.8 Ice Magic
 + Level 0.8 Air Magic
 + Level 0.8 Earth Magic
 + Level 0.8 Poison Magic
 + Level 1.2 Invocations
 + Level 1.1 Evocations


You had 5 spell levels left.
You didn't know any spells.
Your spell library contained the following spells:

 Spells                   Type           Power      Damage    Failure   Level
 Scorch                   Fire           4%         2d5       34%         2
 Flame Wave               Conj/Fire      2%         2d4       92%         4
 Summon Cactus Giant      Summ           1%         N/A       100%        6


Dungeon Overview and Level Annotations

Branches:
Dungeon (2/15)

Altars:

Shops:
D:1 =?(

Annotations:
D:2 Terence


Innate Abilities, Weirdness & Mutations

You have very sharp teeth.
Your uncanny sense of smell can sniff out nearby items.
Your experience applies equally to all skills.


Message History

You throw a poisoned dart.
The poisoned dart closely misses Terence.
Terence misses you.
Throw: 7 darts (poison)
Press: ? - help, Q - select action, (/) - cycle Shift-Dir - straight line, f/p - Terence
Aim: Terence, wielding a +0 hand axe, wearing a +0 scale mail and carrying a wand of flame (20) (66% to hit)
You throw a poisoned dart. The poisoned dart hits Terence.
Terence is poisoned.
Unknown command.
Throw: 6 darts (poison)
Press: ? - help, Q - select action, (/) - cycle Shift-Dir - straight line, f/p - Terence
Aim: Terence, wielding a +0 hand axe, wearing a +0 scale mail and carrying a wand of flame (20) (lightly wounded, poisoned, 66% to hit)
You throw a poisoned dart. The poisoned dart hits Terence.
Terence is lightly wounded.
Terence misses you.
Throw: 5 darts (poison)
Press: ? - help, Q - select action, (/) - cycle Shift-Dir - straight line, f/p - Terence
Aim: Terence, wielding a +0 hand axe, wearing a +0 scale mail and carrying a wand of flame (20) (lightly wounded, poisoned, 66% to hit)
You throw a poisoned dart. The poisoned dart hits Terence.
Terence looks even sicker.
Terence is lightly wounded.
Terence asks, "Do you want it fast or slow?"
Terence zaps a wand.
The puff of flame hits you!
Throw: 4 darts (poison)
Press: ? - help, Q - select action, (/) - cycle Shift-Dir - straight line, f/p - Terence
Aim: Terence, wielding a +0 hand axe, wearing a +0 scale mail and carrying a wand of flame (19) (lightly wounded, very poisoned, 66% to hit)
You throw a poisoned dart. The poisoned dart hits Terence!
Terence looks as sick as possible!
Terence is lightly wounded.
Terence closely misses you.
Terence zaps a wand.
The puff of flame hits you!
* * * LOW HITPOINT WARNING * * *
Throw: 3 darts (poison)
Press: ? - help, Q - select action, (/) - cycle Shift-Dir - straight line, f/p - Terence
Aim: Terence, wielding a +0 hand axe, wearing a +0 scale mail and carrying a wand of flame (18) (heavily wounded, extremely poisoned, 66% to hit)
Okay, then.
You aren't carrying any items that you can evoke.
Unknown command.
Terence zaps a wand.
The puff of flame misses you.
Terence zaps a wand.
The puff of flame hits you!
You die...

#.#*...####.#.##
####.##.#..........
#...(....(####.####
#.#####..## *#.#* #
#@# #..####...**
#.# #....?....,*
#.# #.........#*
#.#####..#####.##
#.@......# ###
########.# #.# #.#
#### #.#######...
#..........#
#########..# #..#
#..#


You could see Terence (very poisoned).

Vanquished Creatures
  Jessica (D:2)
  2 adders (D:2)
  2 dart slugs
  2 ball pythons (D:1)
  3 endoplasms
  2 hobgoblins
  A quokka (D:1)
  2 bats (D:2)
  5 frilled lizards
  3 goblins
  4 kobolds (D:2)
  3 rats
30 creatures vanquished.

Notes
Turn   | Place    | Note
-------+----------+-------------------------------------------
     0 | D:1      | Zonian the Gnoll Brigand began the quest for the Orb.
     0 | D:1      | Reached XP level 1. HP: 20/20 MP: 1/1
    78 | D:1      | Found Unguis's Antique Weapon Emporium.
   183 | D:1      | Found Faigog's Jewellery Boutique.
   222 | D:1      | Found Gobojiz's Magic Scroll Boutique.
   227 | D:1      | Bought a scroll of teleportation for 30 gold pieces
   253 | D:1      | Reached XP level 2. HP: 26/26 MP: 2/2
   965 | D:2      | Reached XP level 3. HP: 20/31 MP: 3/3
  1116 | D:2      | Noticed Jessica
  1125 | D:2      | Killed Jessica
  1126 | D:2      | Reached skill level 1 in Long Blades
  1126 | D:2      | Reached skill level 1 in Axes
  1126 | D:2      | Reached skill level 1 in Maces & Flails
  1126 | D:2      | Reached skill level 1 in Polearms
  1126 | D:2      | Reached skill level 1 in Staves
  1126 | D:2      | Reached skill level 1 in Slings
  1126 | D:2      | Reached skill level 1 in Bows
  1126 | D:2      | Reached skill level 1 in Crossbows
  1126 | D:2      | Reached skill level 1 in Armour
  1126 | D:2      | Reached skill level 1 in Shields
  1126 | D:2      | Reached skill level 1 in Unarmed Combat
  1126 | D:2      | Reached skill level 1 in Spellcasting
  1126 | D:2      | Reached skill level 1 in Invocations
  1126 | D:2      | Reached skill level 1 in Evocations
  1230 | D:2      | Reached XP level 4. HP: 35/38 MP: 5/5
  1259 | D:2      | Noticed Terence
  1821 | D:2      | Killed from afar by Terence

Illustrated notes

Levels and vault maps discovered:
D:1:      dpeg_arrival_round_b, layout_basic, serial_shops, shop_statue, shop,
          nicolae_shop_hallway_plus
D:2:      layout_loops_ring, uniq_jessica, uniq_terence

Skill      XL: |  1  2  3 |
---------------+----------+-----
Long Blades    | 1 |  1.1
Axes           | 1 |  1.1
Maces & Flails | 1 |  1.1
Polearms       | 1 |  1.1
Staves         | 1 |  1.1
Slings         | 1 |  1.1
Bows           | 1 |  1.1
Crossbows      | 1 |  1.1
Armour         | 1 |  1.1
Shields        | 1 |  1.1
Unarmed Combat | 1 |  1.1
Spellcasting   | 1 |  1.1
Invocations    | 1 |  1.2
Evocations     | 1 |  1.1
Fighting       | |  4.6
Short Blades   | |  4.6
Throwing       | |  4.6
Dodging        | |  2.7
Stealth        | |  7.8
Conjurations   | |  0.8
Hexes          | |  0.8
Summonings     | |  0.8
Necromancy     | |  0.8
Translocations | |  0.8
Transmutations | |  0.8
Fire Magic     | |  0.8
Ice Magic      | |  0.8
Air Magic      | |  0.8
Earth Magic    | |  0.8
Poison Magic   | |  0.8

Action                   |  1- 3 |  4- 6 || total
-------------------------+-------+-------++-------
Melee: Dagger            |    59 |    30 ||    89
       Bite              |     4 |       ||     4
Throw: Dart              |       |     5 ||     5
  Use: Scroll            |     1 |     1 ||     2
 Stab: Sleeping          |    11 |     2 ||    13
Armor: Robe              |     8 |     6 ||    14
Dodge: Dodged            |    20 |    21 ||    41

Table legend: (Time is in decaauts)
 A = Elapsed time spent in this place.
 B = Non-inter-level travel time spent in this place.
 C = Inter-level travel time spent in this place.
 D = Time resting spent in this place.
 E = Time spent auto-exploring this place.
 F = Levels seen in this place.
 G = Mean time per level.
                   A        B        C        D        E       F      G
               +--------+--------+--------+--------+--------+-----+--------+
         Total |   1799 |   1746 |     53 |     51 |   1329 |   2 |  899.5 |
       Dungeon |   1799 |   1746 |     53 |     51 |   1329 |   2 |  899.5 |
               +--------+--------+--------+--------+--------+-----+--------+

Top non-repeatable levels by time:
     D:2: 933 daAuts
     D:1: 865 daAuts
